 Dungeon Crawl Stone Soup version 0.16.1-11-g651b585 (webtiles) character file.

7682 Leibowitz the Spear-Bearer (level 10, -1/86 HPs)
             Began as a Demigod Gladiator on Mar 31, 2015.
             Succumbed to a black mamba's poison
             ... on level 1 of the Lair of Beasts.
             The game lasted 00:53:47 (9236 turns).

Leibowitz the Spear-Bearer (Demigod Gladiator)      Turns: 9236, Time: 00:53:47

Health: -1/86      AC: 16    Str: 26    XL:     10   Next: 67%
Magic:  17/17      EV: 13    Int: 12    God:
Gold:   536        SH:  0    Dex: 20    Spells: 0 memorised, 9 levels left

rFire  + . .     SeeInvis +     a - +1 trident (venom)
rCold  . . .     Clarity  .     r - +1 chain mail {rF+}
rNeg   . . .     SustAb   +     (no shield)
rPois  .         Gourm    .     c - +0 helmet
rElec  .         Spirit   .     (no cloak)
rCorr  .         Warding  .     l - +2 pair of gloves
rMut   .         Stasis   .     (no boots)
MR     +....                    o - amulet of regeneration
Stlth  ..........               E - ring of see invisible
                                w - +6 ring of strength

@: lethally poisoned (-1 -> -67), somewhat resistant to hostile enchantments,
extremely unstealthy
A: sustain abilities
a: no special abilities


You were on level 1 of the Lair of Beasts.
You were very hungry.

You visited 2 branches of the dungeon, and saw 10 of its levels.

You collected 561 gold pieces.
You spent 25 gold pieces at shops.

Inventory:

Hand weapons
 a - a +1 trident of venom (weapon)
 C - a +0 bardiche
Missiles
 x - 23 poisoned needles
 y - 11 javelins (quivered)
Armour
 c - a +0 helmet (worn)
 l - a +2 pair of gloves (worn)
 r - a +1 chain mail of fire resistance (worn)
Jewellery
 n - the amulet of Suspicion {Stasis rElec rC+ Stlth-}
   (You found it on level 4 of the Dungeon)

   [amulet of stasis]

   It prevents you from being teleported, slowed, hasted or paralysed.
   It protects you from cold.
   It insulates you from electricity.
   It makes you less stealthy.
 o - an amulet of regeneration (around neck)
 w - a +6 ring of strength (left hand)
 z - an uncursed ring of fire
 E - a ring of see invisible (right hand)
Magical devices
 s - a wand of digging (24)
 t - a wand of slowing (0)
 u - a wand of flame (23)
 B - a wand of digging (11)
 F - a wand of confusion (16)
Scrolls
 g - 2 scrolls of recharging
 h - a scroll of enchant armour
 j - 6 scrolls of teleportation
 k - 4 scrolls of remove curse
 p - 11 scrolls of identify
 v - 3 scrolls of amnesia
Potions
 b - a potion of mutation {unknown}
 A - a potion of haste
 D - a potion of cure mutation
Comestibles
 d - 14 royal jellies
 f - 7 bread rations
 i - 15 fruits
 m - 7 meat rations


   Skills:
 + Level 7.1 Fighting
 + Level 8.8 Polearms
 + Level 4.8 Throwing
 + Level 7.4 Armour
 + Level 6.9 Dodging
 + Level 2.8 Stealth


You had 9 spell levels left.
You didn't know any spells.

Dungeon Overview and Level Annotations

Branches:
Dungeon (9/15)             Temple (0/1) D:5            Lair (1/8) D:9
    Orc (0/4) D:9

Shops:
D:8 *

Annotations:
D:7 lorenzova's ghost, experienced DDFi
D:8 Sachiko's ghost, experienced TrMo
Lair:1 exclusion: ice statue


Innate Abilities, Weirdness & Mutations

Your attributes are resistant to harm.


Message History

Your chain mail prevents you from hitting the black mamba.
The black mamba is almost dead.
You feel sick. The black mamba bites you!
* * * LOW HITPOINT WARNING * * *
You are lethally poisoned!
The black mamba poisons you!
You closely miss the black mamba.
The black mamba is almost dead.
* * * LOW HITPOINT WARNING * * *
You feel very sick. The black mamba bites you!
* * * LOW HITPOINT WARNING * * *
You are more poisoned.
The black mamba poisons you! The black mamba bites you.
* * * LOW HITPOINT WARNING * * *
You are more poisoned.
The black mamba poisons you!
You miss the black mamba.
The black mamba is almost dead.
You die...

. #.. ###.. ...... ....... #.
#.....### #... #.......## .....
... ..#.....S..######..#..
....... ........@......⌠.≈.≈..
........................≈≈≈≈...
....................#..≈≈≈≈.≈≈≈
#..........#########..†≈.≈.≈≈≈≈≈
......# # #......###..≈≈...≈≈≈≈
##.....# #.............≈.≈≈≈≈≈
#.....# #......#.....≈≈≈≈≈≈≈≈≈
#....## #......#.......≈≈≈≈≈$(
..#...# #......##...†...≈≈≈≈=.


You could see a black mamba.

Vanquished Creatures
  A queen bee (Lair:1)
  A polar bear (Lair:1)
  A blue devil (Lair:1)
  Grinder (D:4)
  A troll (D:9)
  A hippogriff (D:7)
  5 yaks (Lair:1)
  2 water moccasins
  2 sky beasts
  An orc warrior (D:7)
  10 ice beasts (Lair:1)
  A necrophage (D:8)
  2 black bears (D:8)
  An eye of draining (D:9)
  A crocodile (D:5)
  2 ogres
  2 centaurs
  Duvessa (D:5)
  8 giant frogs
  A scorpion (D:7)
  A water moccasin zombie (D:6)
  25 killer bees (Lair:1)
  Dowan (D:5)
  2 hounds
  A wasp zombie (D:8)
  2 crimson imps
  5 jellies
  A centaur skeleton (D:5)
  5 orc priests
  2 hell rats (D:6)
  An iguana (D:8)
  A quasit (D:7)
  Natasha (thrice) (D:5)
  14 orc wizards
  10 worker ants
  A hound zombie (D:5)
  2 mummies
  A hound skeleton (D:7)
  7 gnolls
  10 river rats
  11 adders
  2 giant mites (D:5)
  3 white imps (Lair:1)
  2 shadow imps
  2 worms
  An adder zombie (D:9)
  5 giant geckos
  An ooze (D:4)
  33 orcs
  15 bats
  A bat skeleton (D:6)
  5 giant cockroaches
  15 hobgoblins
  A quokka (D:5)
  A giant gecko skeleton (D:5)
  6 giant newts
  11 goblins
  12 jackals
  14 kobolds
  3 kobold zombies (D:6)
  An orc zombie (D:6)
  A quokka skeleton (D:5)
  28 rats
  A plant (D:4)
315 creatures vanquished.

Vanquished Creatures (others)
  A plant (D:4)
1 creature vanquished.

Grand Total: 316 creatures vanquished

Notes
Turn   | Place    | Note
--------------------------------------------------------------
     0 | D:1      | Leibowitz, the Demigod Gladiator, began the quest for the Orb.
     0 | D:1      | Reached XP level 1. HP: 17/17 MP: 2/2
   235 | D:1      | Reached XP level 2. HP: 19/24 MP: 3/3
   284 | D:1      | Reached skill level 3 in Dodging
   921 | D:2      | Found an opulent altar of Gozag.
  1022 | D:2      | Reached XP level 3. HP: 25/29 MP: 5/5
  1204 | D:2      | Found a basalt altar of Yredelemnul.
  1259 | D:2      | Found a snail-covered altar of Cheibriados.
  1384 | D:2      | Reached skill level 1 in Armour
  1384 | D:2      | Reached XP level 4. HP: 29/36 MP: 7/7
  1779 | D:3      | Reached XP level 5. HP: 32/42 MP: 8/8
  1943 | D:3      | Reached skill level 4 in Dodging
  2115 | D:3      | Found a shimmering altar of Xom.
  2116 | D:3      | Found a shimmering altar of Xom.
  2116 | D:3      | Found a shimmering altar of Xom.
  2438 | D:4      | Noticed Grinder
  2561 | D:4      | Found a radiant altar of Vehumet.
  2583 | D:4      | Found a bloodstained altar of Trog.
  2621 | D:4      | Found a snail-covered altar of Cheibriados.
  2672 | D:4      | Found a sparkling altar of Nemelex Xobeh.
  2802 | D:4      | Killed Grinder
  2802 | D:4      | Reached skill level 1 in Stealth
  2802 | D:4      | Reached XP level 6. HP: 38/50 MP: 10/10
  2825 | D:4      | Found a burning altar of Makhleb.
  2825 | D:4      | Noticed a green death
  2828 | D:4      | Noticed a smoke demon
  2828 | D:4      | Noticed a ynoxinul
  3150 | D:4      | Got a wavering ivory amulet
  3152 | D:4      | Identified the amulet of Suspicion {Stasis rElec rC+ Stlth-} (You found it on level 4 of the Dungeon)
  3353 | D:4      | Found a shimmering altar of Xom.
  3428 | D:5      | Entered Level 5 of the Dungeon
  3439 | D:5      | Reached XP level 7. HP: 54/57 MP: 12/12
  3509 | D:5      | Found a basalt altar of Yredelemnul.
  3520 | D:5      | Noticed Duvessa
  3520 | D:5      | Noticed Dowan
  3541 | D:5      | Killed Duvessa
  3575 | D:5      | Killed Dowan
  3681 | D:5      | Noticed Natasha
  3696 | D:5      | Killed Natasha
  3716 | D:5      | Noticed Natasha
  3720 | D:5      | Killed Natasha
  3782 | D:5      | Found a staircase to the Ecumenical Temple.
  4279 | D:5      | Found a white marble altar of Elyvilon.
  4279 | D:5      | Found an iron altar of Okawaru.
  4339 | D:5      | Noticed Natasha
  4343 | D:5      | Killed Natasha
  4360 | D:5      | Reached skill level 5 in Polearms
  4450 | D:6      | Reached XP level 8. HP: 57/64 MP: 13/13
  4641 | D:6      | Reached skill level 5 in Dodging
  5552 | D:7      | Reached skill level 6 in Polearms
  5707 | D:7      | Reached XP level 9. HP: 54/73 MP: 15/15
  5800 | D:7      | Found a glowing golden altar of the Shining One.
  5910 | D:7      | Reached skill level 5 in Armour
  6049 | D:7      | Reached skill level 5 in Fighting
  6054 | D:7      | Noticed lorenzova's ghost (experienced DDFi)
  6551 | D:8      | Found a sacrificial altar of Ru.
  6564 | D:8      | Noticed Sachiko's ghost (experienced TrMo)
  6644 | D:8      | Found Jupocuw's Assorted Antiques.
  6653 | D:8      | Bought a sapphire potion for 25 gold pieces
  7266 | D:8      | Reached skill level 7 in Polearms
  7958 | D:9      | Found a staircase to the Orcish Mines.
  7969 | D:9      | Found a roughly hewn altar of Beogh.
  8348 | D:9      | Found a staircase to the Lair.
  8460 | Lair:1   | Entered Level 1 of the Lair of Beasts
  8567 | Lair:1   | Reached XP level 10. HP: 66/83 MP: 17/17
  8620 | Lair:1   | Noticed an ice statue
  8778 | Lair:1   | Reached skill level 8 in Polearms
  9216 | Lair:1   | Noticed a black mamba
  9235 | Lair:1   | HP: 4/86 [black mamba (3)]
  9236 | Lair:1   | Succumbed to a black mamba's poison

Action                   |  1- 3 |  4- 6 |  7- 9 | 10-12 || total
-------------------------+-------+-------+-------+-------++-------
Melee: Trident           |   171 |   307 |   876 |   256 ||  1610
Throw: Throwing net      |     4 |    11 |    12 |       ||    27
       Javelin           |       |    10 |    46 |     2 ||    58
  Use: Potion            |       |     6 |     6 |     4 ||    16
       Scroll            |       |    10 |     2 |       ||    12
 Stab: Sleeping          |     1 |       |       |       ||     1
       Held in net/web   |     2 |     3 |     4 |       ||     9
  Eat: Chunk             |     2 |     8 |    20 |     1 ||    31
       Pizza             |       |       |     1 |       ||     1
       Fruit             |       |       |       |     2 ||     2
       Beef jerky        |       |       |       |     1 ||     1
